 Dungeon Crawl Stone Soup version 0.22-a0-42-g002c468 (webtiles) character file.

472 KristoblXynda the Ruffian (level 7, -2/57 HPs)
             Began as a Naga Transmuter on Jan 5, 2018.
             Slain by an orc
             ... wielding a +0 flail
              (11 damage)
             ... on level 4 of the Dungeon.
             The game lasted 00:09:11 (4884 turns).

KristoblXynda the Ruffian (Naga Transmuter)         Turns: 4884, Time: 00:09:12

Health: -2/57      AC:  3    Str: 13    XL:     7   Next: 9%
Magic:  10/10      EV: 10    Int: 15    God:
Gold:   122        SH:  0    Dex: 11    Spells: 6/10 levels left

rFire    . . .     SeeInvis +   m - +2 dagger (speed)
rCold    . . .     Gourm    .   (no shield)
rNeg     . . .     Faith    .   b - +0 robe
rPois    +         Spirit   .   (no helmet)
rElec    .         Reflect  .   (no cloak)
rCorr    .         Harm     .   (no gloves)
MR       .....                  (no barding)
Stlth    +++.......             (no amulet)
HPRegen  0.19/turn              (no ring)
MPRegen  0.12/turn              (no ring)

@: short of breath, appendage, very slow
A: large, horns 2, see invisible, deformed body, poison resistance, slowness 2,
slow metabolism 1, spit poison 1, AC +2
a: Spit Poison, End Transformation


You were on level 4 of the Dungeon.
You were not hungry.
You had grown temporary horns.
You visited 1 branch of the dungeon, and saw 4 of its levels.

You collected 122 gold pieces.

Inventory:

Hand Weapons
 m - a +2 dagger of speed (weapon)
Missiles
 a - 12 arrows
Armour
 b - a +0 robe (worn)
 i - a +0 ring mail
Jewellery
 s - an uncursed ring of flight {unknown}
Wands
 w - a wand of flame (18)
Scrolls
 e - a scroll of remove curse {unknown}
 f - 2 scrolls of identify
 g - a scroll of fear {unknown}
 h - a scroll of enchant weapon {unknown}
 j - a scroll of magic mapping
 k - a scroll of enchant armour {unknown}
 n - a scroll of noise {unknown}
 o - a scroll of blinking {unknown}
 q - a scroll of teleportation {unknown}
 t - a scroll of fog {unknown}
 u - a scroll of immolation {unknown}
Potions
 l - a potion of curing
 p - 2 potions of magic
 r - a potion of might
 v - a potion of resistance {unknown}
Books
 c - a book of Changes

   Spells                             Type                      Level
   a - Beastly Appendage              Transmutation                1
   b - Sticks to Snakes               Transmutation                2
   c - Spider Form                    Transmutation/Poison         3
   d - Ice Form                       Ice/Transmutation            4
   e - Blade Hands                    Transmutation                5
Comestibles
 d - 2 rations
 x - 2 chunks of flesh


   Skills:
 - Level 1.0 Fighting
 - Level 1.5 Dodging
 + Level 5.3 Stealth
 * Level 5.9 Unarmed Combat
 - Level 2.0 Spellcasting
 + Level 4.0 Transmutations


You had 6 spell levels left.
You knew the following spells:

 Your Spells              Type           Power        Failure   Level  Hunger
a - Beastly Appendage     Tmut           ##....       4%          1    #......
b - Spider Form           Tmut/Pois      #.........   28%         3    ###....


Dungeon Overview and Level Annotations

Branches:
Dungeon (4/15)
 Temple: D:4-7

Altars:
Kikubaaqudgha
Nemelex Xobeh
Wu Jian

Annotations:
D:4 1 runed door


Innate Abilities, Weirdness & Mutations

You cannot wear boots.
Your serpentine skin is tough. (AC +2)
You have supernaturally acute eyesight. (SInv)
Armour fits poorly on your strangely shaped body.
Your system is resistant to poisons. (rPois)
You cover ground very slowly.
You have a slow metabolism.
You can spit poison.
You have a pair of horns on your head.


Message History

The orc priest is severely wounded.
The orc hits you with a flail!
* * * LOW HITPOINT WARNING * * *
The giant cockroach bites you.
* * * LOW HITPOINT WARNING * * *
The orc closely misses you. The orc barely misses you.
You hit the orc priest but do no damage.
Your headbutt misses the orc priest.
The orc priest is severely wounded.
You have got your breath back.
The orc priest hits you.
* * * LOW HITPOINT WARNING * * *
The giant cockroach bites you but does no damage.
Press: ? - help, Shift-Dir - straight line The splash of poison hits the orc priest.
The orc priest looks even sicker.
You kill the orc priest!
Your Transmutations skill increases to level 4!
You feel slightly more hungry. The orc hits you with a flail!
You die...

##......#### #..#
#...... ##....### #..#
#....## #..####
#..#**#### ##.#### ####
#..#*....#* ### #
#..#*.....** ##
#..#......,** #.
#..#......,,** #.
#.o[......,,,** #.
#.@o......,,,,* #.
#.so......,,,,* ##.
#.........,,,,* #..
#.........,,,** #..
#.........,,** #..
#.........,** #.#
************#.........**
##.#
*,,,,,,,,,,,...#....##*
#..#
**,,,,,,,,,,,,,,**,***
#..#


You could see 3 orcs and a giant cockroach.

Vanquished Creatures
  Sigmund (D:3)
  A howler monkey (D:4)
  2 orc priests
  Ijyb (D:4)
  2 orc wizards (D:3)
  A gnoll (D:1)
  5 adders
  A worm (D:3)
  An adder skeleton (D:4)
  5 dart slugs
  A leopard gecko (D:1)
  7 orcs
  2 ball pythons
  5 bats
  4 giant cockroaches
  10 goblins
  9 hobgoblins
  4 jackals (D:3)
  A ball python skeleton (D:4)
  3 frilled lizards
  7 kobolds
  9 rats
82 creatures vanquished.

Notes
Turn   | Place    | Note
-------+----------+-------------------------------------------
     0 | D:1      | KristoblXynda the Naga Transmuter began the quest for the Orb.
     0 | D:1      | Reached XP level 1. HP: 18/18 MP: 3/3
   330 | D:1      | Reached skill level 1 in Stealth
   346 | D:1      | Reached XP level 2. HP: 9/25 MP: 5/5
   654 | D:1      | HP: 1/25 [goblin (1)]
   974 | D:1      | Reached XP level 3. HP: 24/31 MP: 4/6
  1940 | D:2      | Reached XP level 4. HP: 30/38 MP: 7/7
  2183 | D:2      | Found an ornate altar of the Wu Jian Council.
  2384 | D:2      | Found an ancient bone altar of Kikubaaqudgha.
  2628 | D:3      | Noticed Sigmund
  2650 | D:3      | Killed Sigmund
  2650 | D:3      | Reached skill level 5 in Unarmed Combat
  2650 | D:3      | Reached XP level 5. HP: 16/44 MP: 4/8
  2650 | D:3      | Reached XP level 6. HP: 18/51 MP: 4/9
  4378 | D:4      | Found a runed door.
  4457 | D:4      | Found a sparkling altar of Nemelex Xobeh.
  4544 | D:4      | Reached skill level 5 in Stealth
  4609 | D:4      | Learned a level 3 spell: Spider Form
  4677 | D:4      | Noticed Ijyb
  4696 | D:4      | Killed Ijyb
  4696 | D:4      | Reached XP level 7. HP: 37/57 MP: 8/10
  4884 | D:4      | Slain by an orc

Vault maps used:
D:1:      sevenhm_arrival_forest_fort_small_3
D:2:      lemuel_coloured_pillars_altar, overflow_temple_1_default,
          serial_bayou_crossing
D:3:      uniq_sigmund
D:4:      overflow_temple_1_default, uniq_crazy_yiuf_cottage, uniq_ijyb

Skill      XL: |  1  2  3  4  5  6  7 |
---------------+----------------------+-----
Stealth        | 1 2 4 5 |  5.3
Unarmed Combat | 4 5 |  5.9
Transmutations | 3 4 |  4.0
Fighting       | |  1.0
Dodging        | |  1.5
Spellcasting   | |  2.0

Action                   |  1- 3 |  4- 6 |  7- 9 || total
-------------------------+-------+-------+-------++-------
Melee: Unarmed           |    94 |     4 |       ||    98
       Headbutt          |     9 |     8 |       ||    17
       Dagger            |       |   188 |     8 ||   196
       Punch             |       |     5 |       ||     5
 Cast: Beastly Appendage |    11 |    13 |     1 ||    25
 Abil: Spit Poison       |    11 |     9 |     3 ||    23
  Use: Potion            |     1 |     2 |     1 ||     4
       Scroll            |       |     5 |       ||     5
 Stab: Sleeping          |     2 |     8 |       ||    10
       Distracted        |     1 |       |       ||     1
  Eat: Ration            |     1 |     1 |       ||     2
       Chunk             |       |     3 |     1 ||     4
Armor: Robe              |    12 |    18 |    10 ||    40
Dodge: Dodged            |    48 |    93 |    15 ||   156

Table legend:
 A = Spawn XP
 B = Non-spawn XP
 C = Spawn XP percentage of total XP
 D = Spawn monster count
 E = Non-spawn monster count
 F = Spawn count percentage of total count
 G = Total turns spent on level
                    A         B        C        D         E        F      G
               +---------+---------+-------+---------+---------+-------+---------
         Total |       0 |     675 |   0.0 |       0 |      82 |   0.0 |  4884
               +---------+---------+-------+---------+---------+-------+---------
           D:1 |       0 |      64 |   0.0 |       0 |      25 |   0.0 |  1843
           D:2 |       0 |      35 |   0.0 |       0 |      15 |   0.0 |   657
           D:3 |       0 |     435 |   0.0 |       0 |      35 |   0.0 |  1799
           D:4 |       0 |     141 |   0.0 |       0 |       7 |   0.0 |   585
               +---------+---------+-------+---------+---------+-------+---------
